PA
SOUTH BEACH BLAZE @ CHICAGO TULA
05/30/2042
 
TOP OF THE 1ST
South Beach Blaze batting - Pitching for Chicago Tula : RHP Jing-quo Ts'ai
Pitching: RHP Jing-quo Ts'ai
Batting: RHB Tim Wright 0-0: SINGLE (Groundball, 4, EV 81.9 MPH) (infield hit)
Batting: RHB Yue-rong Duan 0-0: Fielders Choice at 2nd, 2-6 (Groundball, 2R, EV 65.6 MPH)
Batting: LHB Niek Breugelmans 0-0: Swinging Strike
0-1: Called Strike
0-2: SINGLE (Groundball, 4MD, EV 96.9 MPH)
Yue-rong Duan to second
Runner from 2nd tries for 3rd, SAFE, throw by CF made to third
Batting: RHB Zee-loo Situ 0-0: Swinging Strike
0-1: Swinging Strike
0-2: Fly out, F8 (Flyball, 8RXD, EV 85.0 MPH)
Runner from 3rd tags up, SCORES, no throw by CF
Batting: RHB Miles Breeuwer 0-0: Ball
1-0: Ball
2-0: Fielders Choice at 2nd, 6-4 (Groundball, 6, EV 76.9 MPH)
Top of the 1st over - 1 run, 2 hits, 0 errors, 1 left on base; South Beach 1 - Chicago 0
BOTTOM OF THE 1ST
Chicago Tula batting - Pitching for South Beach Blaze : LHP Hung-chang Wong
Pitching: LHP Hung-chang Wong
Batting: RHB José Salas 0-0: Ball
1-0: Called Strike
1-1: TRIPLE (Flyball, 9LD, EV 102.5 MPH)
Batting: RHB Terry Baker 0-0: Swinging Strike
0-1: Ball
1-1: Ground out 6-3 (Groundball, 6, EV 97.5 MPH)
José Salas scores
Batting: RHB Guillermo Dettori 0-0: Ball
1-0: Foul Ball, location: 2F
1-1: Ball
2-1: DOUBLE (Line Drive, 9LM, EV 104.4 MPH)
Batting: RHB Millard King 0-0: Fly out, F4 (Popup, 4, EV 65.0 MPH)
Batting: LHB Cisco Gracía 0-0: Foul Ball, location: 2F
0-1: Swinging Strike
0-2: Ball
Wild Pitch!
Guillermo Dettori to third
1-2: SINGLE (Groundball, 4D, EV 105.6 MPH)
Guillermo Dettori scores
Batting: RHB Chad Brown 0-0: Ball
1-0: Ball
2-0: Called Strike
2-1: Ground out 4-3 (Groundball, 4, EV 83.8 MPH)
Bottom of the 1st over - 2 runs, 3 hits, 0 errors, 1 left on base; South Beach 1 - Chicago 2
TOP OF THE 2ND
South Beach Blaze batting - Pitching for Chicago Tula : RHP Jing-quo Ts'ai
Batting: RHB Matsuo Ino 0-0: Ball
1-0: Ball
2-0: Fly out, F1 (Line Drive, P, EV 65.6 MPH)
Batting: RHB Juan Tilve 0-0: Swinging Strike
0-1: Ball
1-1: Ball
2-1: Called Strike
2-2: Foul Ball, location: 2F
2-2: Ball
3-2: Strikes out swinging
Batting: RHB Marcos Villanueva 0-0: Called Strike
0-1: Ball
1-1: Fly out, F9 (Line Drive, 89M, EV 94.4 MPH)
Top of the 2nd over - 0 runs, 0 hits, 0 errors, 0 left on base; South Beach 1 - Chicago 2
BOTTOM OF THE 2ND
Chicago Tula batting - Pitching for South Beach Blaze : LHP Hung-chang Wong
Batting: RHB Cédric Dumas 0-0: Ball
1-0: Ground out 6-3 (Groundball, 6, EV 94.4 MPH)
Batting: LHB Andrew Gray 0-0: Ground out U3 (Groundball, 3, EV 99.4 MPH)
Batting: LHB Mike Reynolds 0-0: Ball
1-0: Ball
2-0: Fly out, F8 (Flyball, 8LM, EV 86.9 MPH)
Bottom of the 2nd over - 0 runs, 0 hits, 0 errors, 0 left on base; South Beach 1 - Chicago 2
TOP OF THE 3RD
South Beach Blaze batting - Pitching for Chicago Tula : RHP Jing-quo Ts'ai
Batting: RHB Sergio Morales 0-0: Foul Ball, location: 2F
0-1: Foul Ball, location: 2F
0-2: Ball
1-2: Strikes out swinging
Batting: RHB Tim Wright 0-0: Called Strike
0-1: Foul Ball, location: 2F
0-2: Fly out, F8 (Flyball, 8RM, EV 83.8 MPH)
Batting: RHB Yue-rong Duan 0-0: Ball
1-0: Ball
2-0: Ground out 6-3 (Groundball, 6S, EV 85.0 MPH)
Top of the 3rd over - 0 runs, 0 hits, 0 errors, 0 left on base; South Beach 1 - Chicago 2
BOTTOM OF THE 3RD
Chicago Tula batting - Pitching for South Beach Blaze : LHP Hung-chang Wong
Batting: RHB José Salas 0-0: Ball
1-0: Foul Ball, location: 2F
1-1: Ground out 4-3 (Groundball, 4S, EV 86.2 MPH)
Batting: RHB Terry Baker 0-0: Foul Ball, location: 2F
0-1: Ball
1-1: Called Strike
1-2: Foul Ball, location: 2F
1-2: Foul Ball, location: 2F
1-2: Ball
2-2: Ball
3-2: DOUBLE (Line Drive, 9LM, EV 103.1 MPH)
Batting: RHB Guillermo Dettori 0-0: Foul Ball, location: 2F
0-1: Fly out, F7 (Line Drive, 7D, EV 95.6 MPH)
Batting: RHB Millard King 0-0: Ball
1-0: Foul Ball, location: 2F
1-1: Ball
2-1: Foul Ball, location: 2F
2-2: Ball
3-2: Base on Balls
Batting: LHB Cisco Gracía 0-0: Ball
1-0: Called Strike
1-1: Ball
2-1: SINGLE (Groundball, 34, EV 96.2 MPH)
Terry Baker to third
Millard King to second
Runner from 3rd tries for Home, SAFE, no throw by RF
Batting: RHB Chad Brown 0-0: Fielders Choice at 2nd, 5-4 (Groundball, 56, EV 100.6 MPH)
Bottom of the 3rd over - 1 run, 2 hits, 0 errors, 2 left on base; South Beach 1 - Chicago 3
TOP OF THE 4TH
South Beach Blaze batting - Pitching for Chicago Tula : RHP Jing-quo Ts'ai
Batting: LHB Niek Breugelmans 0-0: Foul Ball, location: 2F
0-1: SINGLE (Groundball, 4D, EV 111.2 MPH)
Batting: RHB Zee-loo Situ 0-0: Foul Ball, location: 2F
0-1: Swinging Strike
0-2: Strikes out swinging
Batting: RHB Miles Breeuwer 0-0: Ball
1-0: Ball
2-0: Called Strike
2-1: Ball
3-1: Foul Ball, location: 2F
3-2: Strikes out looking
Niek Breugelmans is caught stealing 2nd base 2-4
Batter strikes out.
Top of the 4th over - 0 runs, 1 hit, 0 errors, 0 left on base; South Beach 1 - Chicago 3
BOTTOM OF THE 4TH
Chicago Tula batting - Pitching for South Beach Blaze : LHP Hung-chang Wong
Batting: RHB Cédric Dumas 0-0: Foul Ball, location: 2F
0-1: Foul Ball, location: 2F
0-2: Strikes out swinging
Batting: LHB Andrew Gray 0-0: Called Strike
0-1: Swinging Strike
0-2: Foul Ball, location: 2F
0-2: Ball
1-2: Ball
2-2: Strikes out swinging
Batting: LHB Mike Reynolds 0-0: Ball
1-0: SINGLE (Line Drive, 9S, EV 108.8 MPH)
Batting: RHB José Salas 0-0: Ball
1-0: Swinging Strike
1-1: Ball
2-1: Ball
3-1: Base on Balls
Mike Reynolds to second
Batting: RHB Terry Baker 0-0: Ground out 6-3 (Groundball, 6M, EV 78.1 MPH)
Bottom of the 4th over - 0 runs, 1 hit, 0 errors, 2 left on base; South Beach 1 - Chicago 3
TOP OF THE 5TH
South Beach Blaze batting - Pitching for Chicago Tula : RHP Jing-quo Ts'ai
Batting: RHB Matsuo Ino 0-0: Ground out 5-3 (Groundball, 56S, EV 85.6 MPH)
Batting: RHB Juan Tilve 0-0: Called Strike
0-1: Called Strike
0-2: Strikes out looking
Batting: RHB Marcos Villanueva 0-0: Swinging Strike
0-1: Called Strike
0-2: Ball
1-2: Strikes out swinging
Top of the 5th over - 0 runs, 0 hits, 0 errors, 0 left on base; South Beach 1 - Chicago 3
BOTTOM OF THE 5TH
Chicago Tula batting - Pitching for South Beach Blaze : LHP Hung-chang Wong
Batting: RHB Guillermo Dettori 0-0: Ball
1-0: Swinging Strike
1-1: Foul Ball, location: 2F
1-2: Ball
2-2: Strikes out swinging
Batting: RHB Millard King 0-0: Ball
1-0: Called Strike
1-1: Ball
2-1: Fly out, F2 (Popup, 2RF, EV 86.2 MPH)
Batting: LHB Cisco Gracía 0-0: Ball
1-0: Ball
2-0: Called Strike
2-1: Ground out U3 (Groundball, 34, EV 101.2 MPH)
Bottom of the 5th over - 0 runs, 0 hits, 0 errors, 0 left on base; South Beach 1 - Chicago 3
TOP OF THE 6TH
South Beach Blaze batting - Pitching for Chicago Tula : RHP Jing-quo Ts'ai
Batting: RHB Sergio Morales 0-0: Foul Ball, location: 2F
0-1: Ball
1-1: Ball
2-1: Foul Ball, location: 2F
2-2: Foul Ball, location: 2F
2-2: Strikes out swinging, 2-3 out at first.
Batting: RHB Tim Wright 0-0: Foul Ball, location: 2F
0-1: Ball
1-1: Ground out 5-3 (Groundball, 56, EV 101.2 MPH)
Batting: RHB Yue-rong Duan 0-0: Foul Ball, location: 2F
0-1: Ball
1-1: Fly out, F9 (Line Drive, 9, EV 103.8 MPH)
Top of the 6th over - 0 runs, 0 hits, 0 errors, 0 left on base; South Beach 1 - Chicago 3
BOTTOM OF THE 6TH
Chicago Tula batting - Pitching for South Beach Blaze : LHP Hung-chang Wong
Batting: RHB Chad Brown 0-0: Ball
1-0: Fly out, F7 (Flyball, 7S, EV 88.1 MPH)
Batting: RHB Cédric Dumas 0-0: Ball
1-0: Foul Ball, location: 2F
1-1: Ball
2-1: Ball
3-1: Foul Ball, location: 2F
3-2: Base on Balls
Batting: LHB Andrew Gray 0-0: Foul Ball, location: 2F
0-1: Swinging Strike
0-2: Ball
1-2: Strikes out swinging
Batting: LHB Mike Reynolds 0-0: Ball
1-0: Fly out, F9 (Flyball, 89M, EV 96.2 MPH)
Bottom of the 6th over - 0 runs, 0 hits, 0 errors, 1 left on base; South Beach 1 - Chicago 3
TOP OF THE 7TH
South Beach Blaze batting - Pitching for Chicago Tula : RHP Jing-quo Ts'ai
Batting: LHB Niek Breugelmans 0-0: Ball
1-0: DOUBLE (Flyball, 8LD, EV 108.1 MPH)
Batting: RHB Zee-loo Situ 0-0: Ball
1-0: Fly out, F3 (Popup, 34S, EV 67.5 MPH)
Batting: RHB Miles Breeuwer 0-0: Ball
1-0: Called Strike
1-1: Foul Ball, location: 2F
1-2: Strikes out swinging
Batting: RHB Matsuo Ino 0-0: Ball
1-0: Foul Ball, location: 2F
1-1: SINGLE (Line Drive, 4D, EV 93.8 MPH)
Niek Breugelmans to third
Runner from 3rd tries for Home, SAFE, throw by CF to home
Batting: RHB Juan Tilve 0-0: Ball
1-0: Ball
2-0: 2-RUN HOME RUN (Flyball, 7LD, EV 86.9 MPH), Distance : 351 ft
Batting: RHB Marcos Villanueva 0-0: Called Strike
0-1: Ball
1-1: Foul Ball, location: 2F
1-2: Ball
2-2: DOUBLE (Flyball, 3D, EV 96.9 MPH)
Batting: RHB Sergio Morales 0-0: Ball
1-0: Fly out, F8 (Flyball, 8RS, EV 73.8 MPH)
Top of the 7th over - 3 runs, 4 hits, 0 errors, 1 left on base; South Beach 4 - Chicago 3
BOTTOM OF THE 7TH
Chicago Tula batting - Pitching for South Beach Blaze : LHP Hung-chang Wong
Batting: RHB José Salas 0-0: Called Strike
0-1: Called Strike
0-2: Foul Ball, location: 2F
0-2: Ball
1-2: Ball
2-2: Ball
3-2: Foul Ball, location: 2F
3-2: Fly out, F3 (Popup, 23F, EV 80.6 MPH)
Batting: RHB Terry Baker 0-0: Ball
1-0: Called Strike
1-1: Ball
2-1: Swinging Strike
2-2: Ground out 6-3 (Groundball, 6, EV 102.5 MPH)
Batting: RHB Guillermo Dettori 0-0: Foul Ball, location: 2F
0-1: Foul Ball, location: 2F
0-2: Ball
1-2: Ground out 6-3 (Groundball, 56, EV 92.5 MPH)
Bottom of the 7th over - 0 runs, 0 hits, 0 errors, 0 left on base; South Beach 4 - Chicago 3
TOP OF THE 8TH
South Beach Blaze batting - Pitching for Chicago Tula : RHP Jing-quo Ts'ai
Batting: RHB Tim Wright 0-0: Called Strike
0-1: Swinging Strike
0-2: Fly out, F9 (Flyball, 9, EV 80.6 MPH)
Batting: RHB Yue-rong Duan 0-0: Called Strike
0-1: Ball
1-1: Ground out 6-3 (Groundball, 6, EV 85.0 MPH)
Batting: LHB Niek Breugelmans 0-0: Called Strike
0-1: Swinging Strike
0-2: SINGLE (Groundball, 6D, EV 95.6 MPH)
Batting: RHB Zee-loo Situ 0-0: Called Strike
0-1: Ball
1-1: Ball
2-1: Called Strike
2-2: Ball
3-2: SINGLE (Line Drive, 7S, EV 110.6 MPH)
Niek Breugelmans to second
Niek Breugelmans to third
Pitching: LHP Bob Burke
Batting: RHB Miles Breeuwer 0-0: SINGLE (Line Drive, 9S, EV 88.1 MPH)
Niek Breugelmans scores
Zee-loo Situ to second
Runner from 2nd tries for 3rd, SAFE, no throw by RF
Batting: RHB Matsuo Ino 0-0: Foul Ball, location: 2F
0-1: Ball
1-1: Ground out 1-3 (Groundball, 13S, EV 66.2 MPH)
Top of the 8th over - 1 run, 3 hits, 0 errors, 2 left on base; South Beach 5 - Chicago 3
BOTTOM OF THE 8TH
Chicago Tula batting - Pitching for South Beach Blaze : LHP Hung-chang Wong
Pitching: LHP Jude MacPherson
Batting: RHB Millard King 0-0: Ball
1-0: Fly out, F4 (Popup, 34, EV 66.9 MPH)
Batting: LHB Cisco Gracía 0-0: Foul Ball, location: 2F
0-1: SINGLE (Groundball, 56, EV 85.6 MPH) (infield hit)
Batting: RHB Chad Brown 0-0: SINGLE (Groundball, 4MD, EV 107.5 MPH)
Cisco Gracía to second
Pitching: RHP Connor Wilson
Batting: RHB Cédric Dumas 0-0: Ball
1-0: Called Strike
1-1: Ball
2-1: Foul Ball, location: 2F
2-2: Ball
3-2: Strikes out looking
Batting: LHB Andrew Gray 0-0: Ball
1-0: DOUBLE (Line Drive, 7LM, EV 106.2 MPH)
Cisco Gracía scores
Chad Brown to third
Runner from 3rd tries for Home, SAFE, throw by LF to trailing runner, SAFE at third!
Batting: LHB Mike Reynolds 0-0: Ball
1-0: Called Strike
1-1: Swinging Strike
1-2: Strikes out swinging
Bottom of the 8th over - 2 runs, 3 hits, 0 errors, 1 left on base; South Beach 5 - Chicago 5
TOP OF THE 9TH
South Beach Blaze batting - Pitching for Chicago Tula : LHP Bob Burke
Batting: RHB Juan Tilve 0-0: Ball
1-0: Ball
2-0: Ball
3-0: Base on Balls
Batting: RHB Marcos Villanueva 0-0: Called Strike
0-1: Ball
1-1: SINGLE (Flyball, 8RS, EV 84.4 MPH)
Juan Tilve to second
Runner from 2nd tries for 3rd, SAFE, no throw by CF
Batting: RHB Sergio Morales 0-0: Ball
1-0: Ball
2-0: Foul Ball, location: 2F
2-1: Ball
3-1: Foul Ball, location: 2F
3-2: Strikes out swinging
Batting: RHB Tim Wright 0-0: Called Strike
0-1: Ball
1-1: Ball
2-1: Fielders Choice at 2nd, 6-4 (Groundball, 6D, EV 105.6 MPH)
Juan Tilve scores
Batting: RHB Yue-rong Duan 0-0: Ball
1-0: SINGLE (Groundball, 34D, EV 98.1 MPH)
Tim Wright to second
Runner from 2nd tries for 3rd, SAFE, throw by RF made to third
Batting: LHB Niek Breugelmans 0-0: Foul Ball, location: 2F
0-1: Ball
1-1: Called Strike
1-2: Ball
2-2: SINGLE (Flyball, 89M, EV 88.1 MPH)
Tim Wright scores
Yue-rong Duan to second
Runner from 2nd tries for 3rd, SAFE, no throw by CF
Batting: RHB Zee-loo Situ 0-0: Ball
1-0: Foul Ball, location: 2F
1-1: Foul Ball, location: 2F
1-2: Strikes out swinging
Top of the 9th over - 2 runs, 3 hits, 0 errors, 2 left on base; South Beach 7 - Chicago 5
BOTTOM OF THE 9TH
Chicago Tula batting - Pitching for South Beach Blaze : RHP Connor Wilson
Batting: RHB José Salas 0-0: Ball
1-0: Foul Ball, location: 2F
1-1: Ball
2-1: Ball
3-1: Swinging Strike
3-2: Base on Balls
Batting: RHB Terry Baker 0-0: Ball
1-0: Called Strike
1-1: Foul Ball, location: 2F
1-2: Strikes out swinging
Pitching: RHP Dan Smith
Batting: RHB Guillermo Dettori 0-0: Ball
1-0: TRIPLE (Flyball, 7D, EV 86.9 MPH)
José Salas scores
Pinch Hitting: RHB Jeff Weber 0-0: Called Strike
0-1: Ball
1-1: Ball
2-1: Swinging Strike
2-2: Foul Ball, location: 2F
2-2: Foul Ball, location: 2F
2-2: Strikes out swinging
Batting: LHB Cisco Gracía 0-0: Called Strike
0-1: Fly out, F8 (Flyball, 89D, EV 97.5 MPH)
Bottom of the 9th over - 1 run, 1 hit, 0 errors, 1 left on base; South Beach 7 - Chicago 6
Friday, March 26th, 2021 - OOTP Baseball 20.8 Build 74